[Event "Reykjavik Chess Congress 2020"]
[Site "Reykjavik"]
[Date "2020.01.26"]
[Round "7.5"]
[White "Bjornsson, Eirikur K."]
[Black "Fridjonsson, Julius"]
[Result "1/2-1/2"]
[ECO "A21"]
[WhiteElo "1954"]
[BlackElo "2117"]
[Annotator "NA"]
[PlyCount "45"]
[EventDate "2020.01.05"]
[EventType "swiss"]
[EventCountry "ISL"]
[SourceTitle "playchess.com"]
[Source "ChessBase"]
[SourceQuality "1"]
[TimeControl "40/5400+30:900+30"]

1. c4 e5 2. Nc3 f5 3. d4 e4 4. Nh3 Nf6 5. Bg5 Be7 6. e3 O-O 7. Nf4 d6 8. Qb3 c6 9. O-O-O Na6 10. f3 Ne8 11. c5+ Kh8 12. Bxe7 Qxe7 13. fxe4 fxe4 14. cxd6 Nxd6 15. h4 Nc7 16. h5 Be6 17. Qc2 Nd5 18. Ncxd5 Bxd5 19. Kb1 Nf5 20. g4 Nh6 21. Be2 Nf7 22. Qc5 Qg5 23. Bf1 1/2-1/2

[Event "Reykjavik Chess Congress 2020"]
[Site "Reykjavik"]
[Date "2020.01.26"]
[Round "7.6"]
[White "Ragnarsson, Johann"]
[Black "Halldorsson, Bragi"]
[Result "0-1"]
[ECO "D14"]
[WhiteElo "1946"]
[BlackElo "2089"]
[Annotator "NA"]
[PlyCount "108"]
[EventDate "2020.01.05"]
[EventType "swiss"]
[EventCountry "ISL"]
[SourceTitle "playchess.com"]
[Source "ChessBase"]
[SourceQuality "1"]
[TimeControl "40/5400+30:900+30"]

1. d4 c6 2. c4 d5 3. cxd5 cxd5 4. Bf4 Nc6 5. Nc3 Nf6 6. Rc1 Bf5 7. Nf3 e6 8. e3 Bd6 9. Bxd6 Qxd6 10. Nh4 Bg6 11. Qb3 Rb8 12. Nb5 Qe7 13. Nxg6 hxg6 14. Qa4 O-O 15. Bd3 a6 16. Nc3 e5 17. dxe5 Qxe5 18. O-O b5 19. Qd1 Rbc8 20. Qe2 Rc7 21. f4 Qd6 22. Bxb5 axb5 23. Nxb5 Qe7 24. Nxc7 Qxc7 25. Qc2 Rc8 26. b4 Qb7 27. Qb3 d4 28. b5 Ne7 29. Rxc8+ Nxc8 30. exd4 Qe4 31. Qc3 Nb6 32. h3 Nfd5 33. Qd2 Nc4 34. Qf2 Nce3 35. Rc1 f6 36. a4 Nxf4 37. Re1 Nfxg2 38. Re2 Qxd4 39. Rb2 Nf4 40. Kh2 Nf1+ 41. Qxf1 Qxb2+ 42. Kg3 Nh5+ 43. Kf3 Qa3+ 44. Kf2 Qxa4 45. Qb1 Qd4+ 46. Ke2 Nf4+ 47. Kf3 Qd3+ 48. Qxd3 Nxd3 49. b6 Nc5 50. Ke3 Kf7 51. Kd4 Nd7 52. b7 Ke7 53. Kd5 Kd8 54. Ke6 f5 0-1

[Event "Reykjavik Chess Congress 2020"]
[Site "Reykjavik"]
[Date "2020.01.29"]
[Round "8.3"]
[White "Mai, Alexander Oliver"]
[Black "Hardarson, Petur Palmi"]
[Result "*"]
[ECO "E92"]
[WhiteElo "1958"]
[BlackElo "2027"]
[Annotator "NA RC"]
[PlyCount "59"]
[EventDate "2020.01.05"]
[EventType "swiss"]
[EventCountry "ISL"]
[SourceTitle "playchess.com"]
[Source "ChessBase"]
[SourceQuality "1"]
[TimeControl "40/5400+30:900+30"]

1. d4 Nf6 2. c4 g6 3. Nc3 Bg7 4. e4 d6 5. Nf3 O-O 6. Be2 e5 7. dxe5 dxe5 8. Qxd8 Rxd8 9. Bg5 Re8 10. Nd5 Nxd5 11. cxd5 c6 12. Bc4 cxd5 13. Bxd5 Nd7 14. Nd2 Nb6 15. Bb3 $1 {[%emt 0:00:15] E92: King's Indian: Classical: 6 Be2 e5: 7 dxe5, 7 Be3 and Petrosian System without 7...Nbd7} Be6 16. Ke2 (16. O-O-O f6 17. Bxe6+ Rxe6 18. Be3 Bf8 19. Kb1 Rc8 {½-½ (19) Erigaisi,A (2517)-Amin,B (2684) Abu Dhabi 2018}) 16... Bxb3 17. axb3 a6 18. Rhc1 Rac8 19. Be3 $146 ({Predecessor:} 19. Nc4 Nxc4 20. bxc4 f6 21. Be3 Rc6 22. c5 Rec8 {½-½ (43) Evans,A-Clarke,D England 1988}) 19... Nd7 20. Nc4 Bf8 21. Na5 b6 22. Nc4 b5 23. Nb6 Nxb6 24. Bxb6 Rxc1 25. Rxc1 Re6 26. Be3 Kg7 27. Rc8 Bb4 28. Bc5 Bxc5 29. Rxc5 Kf6 30. f3 $11 *

[Event "Reykjavik Chess Congress 2020"]
[Site "Reykjavik"]
[Date "2020.01.29"]
[Round "8.6"]
[White "Heidarsson, Arnar"]
[Black "Briem, Benedikt"]
[Result "1/2-1/2"]
[ECO "D87"]
[WhiteElo "1880"]
[BlackElo "1841"]
[Annotator "NA RC"]
[PlyCount "94"]
[EventDate "2020.01.05"]
[EventType "swiss"]
[EventCountry "ISL"]
[SourceTitle "playchess.com"]
[Source "ChessBase"]
[SourceQuality "1"]
[TimeControl "40/5400+30:900+30"]

1. d4 Nf6 2. c4 g6 3. Nc3 d5 4. cxd5 Nxd5 5. e4 Nxc3 6. bxc3 Bg7 7. Be3 O-O 8. Bc4 c5 9. Ne2 cxd4 10. cxd4 Qa5+ 11. Qd2 Nc6 {[%emt 0:00:50] D87: Exchange Grünfeld: Classical Line: Variations without ...cxd4} 12. Qxa5 (12. Rd1 Bd7 13. O-O Qxd2 14. Rxd2 Rac8 15. Rb1 Na5 16. Bd3 b6 17. Rb4 e6 18. Bb5 Bxb5 19. Rxb5 Nc4 20. Rd3 Nd6 21. Rb2 Nxe4 {0-1 (37) Lagarde,M (2604)-Vachier Lagrave,M (2780) chess.com INT 2019}) 12... Nxa5 13. Bd3 b6 14. O-O Bb7 15. Rac1 Rac8 $146 ({Predecessor:} 15... Rfc8 16. d5 Rxc1 17. Rxc1 Rc8 18. f3 {½-½ (40) Adamek,Z (2125)-Hlavac,R (2153) Czechia 1999}) 16. f3 Rfd8 17. Rxc8 Rxc8 18. Rc1 Rxc1+ 19. Bxc1 $11 Nc6 20. Bb2 Nb4 21. Bc4 Ba6 22. Bxa6 Nxa6 23. Bc3 e6 24. Kf2 Kf8 25. Ke3 Ke7 26. Kd3 Kd6 27. Kc4 Nc7 28. a4 a6 29. Bb4+ Kc6 30. g4 b5+ 31. axb5+ axb5+ 32. Kc3 Na6 33. Be7 f5 34. gxf5 gxf5 35. Ng3 fxe4 36. fxe4 b4+ 37. Bxb4 Nxb4 38. Kxb4 Bxd4 39. Kc4 Be5 40. Nf5 exf5 41. exf5 h5 42. h3 Bf6 43. Kd3 Kd5 44. Ke3 Ke5 45. Kf3 Bh4 46. Kg2 Bf6 47. Kh1 Kxf5 1/2-1/2

[Event "Reykjavik Chess Congress 2020"]
[Site "Reykjavik"]
[Date "2020.02.02"]
[Round "9.6"]
[White "Mai, Aron Thor"]
[Black "Bjarnason, Saevar"]
[Result "*"]
[ECO "E91"]
[WhiteElo "2167"]
[BlackElo "2057"]
[Annotator "RC"]
[PlyCount "62"]
[EventDate "2020.01.05"]
[EventType "swiss"]
[EventCountry "ISL"]
[SourceTitle "playchess.com"]
[Source "ChessBase"]
[SourceQuality "1"]
[TimeControl "40/5400+30:900+30"]

1. Nf3 Nf6 2. c4 g6 3. Nc3 Bg7 4. d4 d6 5. e4 O-O 6. Be2 c6 7. h3 a6 8. a4 a5 9. Be3 Na6 10. Qd2 Nb4 11. O-O d5 12. cxd5 cxd5 13. e5 Ne8 14. Ne1 Nc7 15. Nd3 Nca6 16. Nf4 Nc7 17. Bf3 b6 18. h4 Ba6 19. Rfc1 e6 20. g3 Rc8 21. Kg2 f6 22. exf6 Qxf6 23. Bg4 Rce8 24. Nce2 Qd8 25. Rc3 Qd6 26. b3 Re7 27. Rxc7 Rxc7 28. Rc1 Rxc1 29. Bxe6+ Kh8 30. Nxc1 Rxf4 31. Bxf4 Qxe6 *